 Dungeon Crawl Stone Soup version 0.24-a0-582-g4d4af813a0 (webtiles) character file.

Game seed: 165898030249103717

206 ElectroBlueGuy the Sneak (level 5, 0/37 HPs)
             Began as a Spriggan Earth Elementalist on Aug 27, 2019.
             Was an Initiate of Okawaru.
             Killed from afar by an orc wizard (9 damage)
             ... with a puff of flame
             ... on level 4 of the Dungeon.
             The game lasted 00:18:32 (3337 turns).

ElectroBlueGuy the Sneak (SpEE)                     Turns: 3337, Time: 00:18:32

Health: 0/37       AC:  2    Str:  9    XL:     5   Next: 53%
Magic:  7/11       EV: 26    Int: 22    God:    Okawaru [......]
Gold:   102        SH:  0    Dex: 22    Spells: 1/11 levels left

rFire    . . .     SeeInvis +   h - +3 short sword (speed)
rCold    . . .     Gourm    .   (shield restricted)
rNeg     . . .     Faith    .   c - +0 robe
rPois    .         Spirit   .   (helmet restricted)
rElec    .         Reflect  .   (no cloak)
rCorr    .         Harm     .   (gloves unavailable)
MR       .....                  (boots unavailable)
Stlth    ..........             s - amulet of rage
HPRegen  0.12/turn              j - +5 ring of intelligence
MPRegen  0.12/turn              (no ring)

@: agile, berserking, very slightly contaminated, invisible, very quick
A: very small, unfitting armour, see invisible, herbivore, speed 3, slow
metabolism 2
a: Renounce Religion, Evoke Berserk Rage


You were on level 4 of the Dungeon.
You worshipped Okawaru.
Okawaru was noncommittal.
You were not hungry.

You visited 1 branch of the dungeon, and saw 4 of its levels.

You collected 102 gold pieces.

Inventory:

Hand Weapons
 f - a +0 mace
 h - a +3 short sword of speed (weapon)
 k - a +0 hand axe
Missiles
 b - 166 stones (quivered)
 g - 34 arrows
 i - 24 sling bullets
Armour
 a - a +0 leather armour
 c - a +0 robe (worn)
 p - a +0 helmet
Jewellery
 j - a +5 ring of intelligence (left hand)
 s - an amulet of rage (around neck)
Scrolls
 n - a scroll of identify
 o - a scroll of remove curse
 r - 2 scrolls of magic mapping
Potions
 e - a potion of invisibility
Comestibles
 d - 5 rations


   Skills:
 + Level 1.4 Fighting
 + Level 1.4 Axes
 + Level 4.3 Dodging
 + Level 4.5 Stealth
 + Level 3.9 Spellcasting
 - Level 1.3 Transmutations
 + Level 3.4 Earth Magic


You had one spell level left.
You knew the following spells:

 Your Spells              Type           Power        Failure   Level  Hunger
a - Sandblast             Erth           ###...       2%          1    None
b - Passwall              Tmut/Erth      ##......     6%          2    #......
c - Stone Arrow           Conj/Erth      ##....       17%         3    ###....
d - Petrify               Tmut/Erth      ##......     38%         4    ####...

Your spell library contained the following spells:

 Spells                   Type           Power        Failure   Level  Hunger
 Lee's Rapid Deconstruct  Erth           ###.......   58%         5    ######.


Dungeon Overview and Level Annotations

Branches:
Dungeon (4/15)
 Temple: D:4-7

Altars:
Kikubaaqudgha
Okawaru
Uskayaw

Annotations:
D:3 3 runed translucent doors, TheNamelessOne's ghost, amateur OpAs


Innate Abilities, Weirdness & Mutations

You are very small and have problems with some larger weapons.
You are too small for most types of armour.
You have supernaturally acute eyesight. (SInv)
You are a herbivore.
You cover ground extremely quickly.
You need to consume almost no food.


Message History

You hit the orc.
The orc is heavily wounded.
The orc wizard shouts!
You hit the orc.
The orc is severely wounded.
The orc wizard shouts!
The orc completely misses you.
You closely miss the orc.
The orc is heavily wounded.
The orc completely misses you.
A red film seems to cover your vision as you go berserk!
You feel yourself moving faster!
You feel mighty!
You feel a lot more hungry.
The orc wizard shouts!
You feel a strong urge to attack something.
You puncture the orc!
You kill the orc!
Okawaru accepts your kill.
The orc wizard points at you and mumbles some strange words.
The puff of flame hits you!
You die...

... ### ....
... ..
.....##.###..#.
....o..o....>..
#.#### #.#..#
#o#..# #.#..#
#o#.@# #.#o†#
#.#.<# #.##.#
#...)# ######


You could see an orc wizard.

Vanquished Creatures
  An orc wizard (D:4)
  8 adders
  3 gnolls (D:3)
  3 worms
  A dart slug (D:1)
  3 leopard geckos
  An orc (D:4)
  6 bats
  3 giant cockroaches
  7 goblins
  7 hobgoblins
  3 jackals (D:1)
  A quokka (D:3)
  A ball python (D:1)
  4 frilled lizards
  9 kobolds
  5 rats
66 creatures vanquished.

Notes
Turn   | Place    | Note
-------+----------+-------------------------------------------
     0 | D:1      | ElectroBlueGuy the Spriggan Earth Elementalist began the
                  | quest for the Orb.
     0 | D:1      | Reached XP level 1. HP: 9/9 MP: 5/5
   259 | D:1      | Reached XP level 2. HP: 7/13 MP: 6/6
   267 | D:1      | Learned a level 2 spell: Passwall
  1141 | D:2      | Reached XP level 3. HP: 16/16 MP: 3/8
  1150 | D:2      | Learned a level 3 spell: Stone Arrow
  1812 | D:2      | Reached XP level 4. HP: 21/21 MP: 6/10
  2181 | D:2      | Found an ancient bone altar of Kikubaaqudgha.
  2181 | D:2      | Found an iron altar of Okawaru.
  2190 | D:2      | Became a worshipper of Warmaster Okawaru
  2619 | D:3      | Reached skill level 1 in Axes
  2662 | D:3      | Reached skill level 1 in Fighting
  2699 | D:3      | Noticed a +0 dagger
  2700 | D:3      | Noticed a +0 hand axe
  2712 | D:3      | Found a hide-covered altar of Uskayaw.
  2853 | D:3      | Learned a level 4 spell: Petrify
  2857 | D:3      | Reached XP level 5. HP: 25/25 MP: 0/11
  3223 | D:3      | Found a runed translucent gate.
  3223 | D:3      | Found a runed translucent gate.
  3223 | D:3      | Found a runed translucent gate.
  3223 | D:3      | Noticed TheNamelessOne's ghost (amateur OpAs)
  3223 | D:3      | Identified the cursed +0 short sword "Jiless" {chaos, -Tele
                  | Int+5 Stlth+}
  3337 | D:4      | Killed from afar by an orc wizard

Levels and vault maps discovered:
D:1:      psy_arrival_statuary, layout_basic
D:2:      layout_basic, minitemple
D:3:      layout_basic, dancing_weapons_uskayaw, gammafunk_ghost_nasty_kobolds,
          first_ration
D:4:      layout_basic, serial_park_tiny_pond, minmay_joined_circles,
          uniq_sigmund

Skill      XL: |  1  2  3  4 |
---------------+-------------+-----
Spellcasting   | 3 |  3.9
Earth Magic    | 3 |  3.4
Stealth        | 4 |  4.5
Dodging        | 4 |  4.3
Axes           | 1 |  1.4
Fighting       | 1 |  1.4
Transmutations | |  1.3

Action                   |  1- 3 |  4- 6 || total
-------------------------+-------+-------++-------
Melee: Mace              |    11 |       ||    11
       Hand axe          |    33 |    51 ||    84
       Short sword       |       |    51 ||    51
Throw: Stone             |     8 |       ||     8
       Throwing net      |       |     2 ||     2
 Cast: Sandblast         |    30 |     2 ||    32
       Passwall          |     6 |       ||     6
       Stone Arrow       |     3 |    25 ||    28
 Abil: Evoke Berserk Rag |       |     1 ||     1
Evoke: Wand              |     1 |    12 ||    13
  Use: Scroll            |     7 |     3 ||    10
       Potion            |     2 |     3 ||     5
 Stab: Held in net/web   |       |     1 ||     1
  Eat: Ration            |       |     2 ||     2
Armor: Robe              |     3 |    13 ||    16
Dodge: Dodged            |    64 |   101 ||   165

Table legend:
 A = Non-vault XP
 B = Vault XP
 C = Vault XP percentage of total XP
 D = Non-vault monster count
 E = Vault monster count
 F = Vault count percentage of total count
                 A         B        C        D         E       F
            +---------+---------+-------+---------+---------+-------
      Total |     295 |       0 |   0.0 |      66 |       0 |   0.0
            +---------+---------+-------+---------+---------+-------
        D:1 |      36 |       0 |   0.0 |      21 |       0 |   0.0
        D:2 |     105 |       0 |   0.0 |      23 |       0 |   0.0
        D:3 |     109 |       0 |   0.0 |      20 |       0 |   0.0
        D:4 |      45 |       0 |   0.0 |       2 |       0 |   0.0
            +---------+---------+-------+---------+---------+-------
